Map: Lost and Found LE

Players

Shako

  • Race: Zerg Zerg
  • League: Diamond
  • Spawn Location: 1:00

Abbadon - Winner!

  • Race: Protoss Protoss
  • League: Diamond
  • Spawn Location: 7:00

VOD

Have the link to the VOD?

Description

Time

  • Played on: Aug. 17, 2018, 7:47 p.m.
  • Length: 8:26
Show
View Real Time Build Order
Export as new Build Order

Shako Zerg 

Build Orders: Hatch First 

Get SALT Encoding   

  12  0:01  Drone  
  13  0:13  Overlord  
  13  0:16  Drone  
  14  0:31  Drone x2  
  14  0:35  Drone  
  17  0:53  Hatchery  
  16  0:58  Drone  
  16  0:59  Drone  
  16  1:03  Extractor  
  17  1:16  Spawning Pool  
  16  1:20  Drone  
  17  1:29  Drone  
  17  1:30  Drone  
  19  1:40  Overlord  
  19  2:04  Queen x2  
  19  2:06  Metabolic Boost  
  19  2:08  Zergling x2  
  24  2:15  Drone x2  
  26  2:46  Hatchery  
  26  2:48  Pneumatized Carapace  
  26  2:49  Queen  
  27  2:53  Drone  
  27  2:54  Drone  
  29  2:58  Zergling x2  
  29  3:00  Zergling x2  
  31  3:19  Drone  
  33  3:20  Drone x4  
  36  3:32  Overlord  
  36  3:33  Overlord x2  
  36  3:49  Roach Warren  
  36  3:51  Queen  
  36  3:52  Evolution Chamber  
  36  4:02  Overlord  
  36  4:04  Lair  
  36  4:06  Drone  
  36  4:08  Drone  
  38  4:23  Spore Crawler  
  37  4:25  Spine Crawler, Spore Crawler  
  37  4:28  Spine Crawler  
  34  4:32  Roach  
  34  4:37  Spore Crawler  
  35  4:47  Roach  
  35  4:48  Roach  
  39  4:53  Drone x3  
  39  4:54  Spine Crawler  
  39  4:59  Drone  
  43  5:00  Drone x2  
  46  5:09  Overlord  
  46  5:10  Drone x4  
  50  5:19  Overseer  
  43  5:29  Queen x2  
  43  5:33  Roach  
  43  5:34  Roach  
  49  5:36  Overseer  
  49  5:40  Roach x2  
  53  5:58  Drone  
  53  5:59  Drone x10  
  64  6:04  Queen  
  64  6:08  Extractor, Overlord  
  64  6:10  Extractor  
  62  6:27  Extractor  
  62  6:31  Extractor  
  62  6:32  Extractor  
  59  6:33  Drone x3  
  59  6:34  Drone x2  
  59  6:37  Drone  
  59  6:38  Drone x5  
  70  6:40  Drone x2  
  70  6:44  Spine Crawler  
  71  7:00  Glial Reconstitution  
  71  7:02  Hydralisk Den  
  71  7:04  Drone x3  
  71  7:05  Drone x3  
  71  7:06  Drone  
  77  7:13  Overlord x2  
  77  7:20  Drone x4  
  77  7:21  Drone  
  82  7:30  Hatchery  
  81  7:43  Drone x2, Evolution Chamber  
  81  7:44  Drone x2  
  84  7:55  Drone x6  
  84  7:57  Overlord x3  
  90  8:05  Spine Crawler  
  89  8:08  Spore Crawler, Overlord  
Show
View Real Time Build Order
Export as new Build Order

Abbadon Protoss - Winner!

Build Orders: 1 Gate Expand, Zealot Archon, Dark Templar Rush 

Get SALT Encoding   

  12  0:01  Probe  
  13  0:13  Probe  
  14  0:19  Pylon  
  14  0:24  Probe  
  15  0:33  Probe  
  15  0:41  Probe  
  16  0:42  Gateway  
  16  0:47  Assimilator  
  17  0:51  Probe  
  18  1:00  Probe  
  19  1:08  Probe  
  20  1:19  Probe  
  21  1:30  Nexus  
  21  1:40  Cybernetics Core  
  21  1:43  Probe  
  22  1:51  Assimilator  
  22  1:57  Pylon  
  22  2:06  Probe  
  23  2:17  Twilight Council, Warp Gate  
  23  2:22  Adept  
  25  2:24  Probe  
  26  2:32  Pylon  
  26  2:35  Probe  
  27  2:39  Probe  
  27  2:43  Probe  
  28  2:47  Probe  
  30  2:51  Probe  
  30  2:56  Dark Shrine, Probe  
  31  3:02  Adept  
  31  3:04  Probe  
  35  3:09  Probe  
  36  3:16  Probe  
  37  3:22  Robotics Facility  
  37  3:28  Probe  
  37  3:32  Probe  
  39  3:39  Gateway x2  
  39  3:42  Gateway  
  39  3:44  Probe  
  40  3:52  Probe  
  41  3:57  Probe  
  41  3:58  Assimilator, Warp Prism  
  42  4:04  Probe  
  42  4:09  Probe  
  46  4:11  Pylon  
  46  4:16  Pylon  
  46  4:19  Probe  
  46  4:23  Assimilator  
  47  4:24  Probe  
  47  4:27  Dark Templar  
  50  4:34  Dark Templar x2  
  54  4:42  Dark Templar  
  56  4:59  Forge, Observer  
  57  5:06  Nexus  
  57  5:10  Pylon  
  57  5:19  Protoss Ground Weapons Level 1  
  57  5:26  Charge  
  55  5:33  Probe x2  
  55  5:38  Immortal  
  59  5:42  Dark Templar x2  
  59  5:44  Archon  
  59  5:46  Probe x2  
  65  5:52  Gateway  
  65  5:54  Archon  
  65  5:55  Gateway  
  65  5:57  Gateway  
  65  5:58  Gateway, Probe x2  
  67  6:06  Pylon, Sentry x2  
  71  6:21  Probe  
  71  6:22  Probe  
  71  6:24  Immortal  
  71  6:25  Stalker  
  75  6:30  Probe  
  76  6:39  Probe x2  
  82  6:44  Probe  
  83  6:51  Pylon, Immortal  
  83  6:57  Probe x3  
  86  7:04  Zealot x5  
  100  7:11  Pylon  
  100  7:14  Pylon, Assimilator  
  100  7:16  Pylon  
  100  7:18  Pylon  
  100  7:20  Assimilator  
  100  7:21  Immortal  
  100  7:24  Shield Battery x2  
  100  7:26  Sentry  
  100  7:27  Pylon, Sentry  
  104  7:36  Probe x2  
  110  7:40  Zealot x3  
  110  7:43  Zealot  
  118  7:48  Observer  
  118  8:05  Zealot x3  
  118  8:06  Zealot x4  
  132  8:25  Zealot  
Tags
 
Add a new tag
Caveats
  • Supply blocks, unpowered buildings, or Contaminate may cause inaccurate times.
  • Supply counts are checked every 10 seconds.